 Dungeon Crawl Stone Soup version 0.31-a0-1549-g5ff9445e89 (webtiles) character file.

Game seed: 17821000360409958978

248991 croobank the Unseen (level 18, -15/101 HPs)
             Began as a Felid Summoner on Jan 2, 2024.
             Was an Initiate of Gozag.
             Shot with a bolt by a yaktaur (17 damage)
             ... led by a yaktaur captain
             ... on level 1 of the Vaults.
             The game lasted 03:54:04 (59654 turns).

croobank the Unseen (Felid Summoner)               Turns: 59654, Time: 03:54:05

Health: -15/101    AC:  3    Str:  4    XL:     18   Next: 86%
Magic:  10/37      EV: 31    Int: 44    God:    Gozag
Gold:   2617       SH:  5    Dex: 18    Spells: 4/45 levels left
                                        Lives:  0   Deaths: 6

rFire   x . .        (weapon unavailable)
rCold   + . .        (shield unavailable)
rNeg    . . .        (body armour unavailable)
rPois   .            (helmet unavailable)
rElec   .            (cloak unavailable)
rCorr   .            (gloves unavailable)
SInv    +            (boots unavailable)
Will    ++...        F - amulet of reflection
Stlth   +++++++      E - +6 ring of intelligence
HPRegen 0.36/turn    C - ring "Kohootsa" {Wiz rF- Int+10 Dex+2}
MPRegen 0.25/turn

%: reflection, wizardry (x1)
@: forested, gold aura
A: very small, claws 1, fangs 3, see invisible, shaggy fur 3, stealthy paws, no
weapons or thrown items, no armour, multi-lived
}: 2/15 runes: decaying, serpentine
a: Renounce Religion, Potion Petition, Call Merchant, Bribe Branch


You were on level 1 of the Vaults.
You worshipped Gozag.
Gozag was most pleased with you.
You visited 7 branches of the dungeon, and saw 31 of its levels.
You also visited: Ice Cave.

You collected 12388 gold pieces.
You spent 2890 gold pieces at shops.
You paid 6881 gold pieces to Gozag.

Inventory:

Jewellery
 c - an amulet of regeneration
 g - a +6 ring of strength
 t - a ring of protection from cold
 x - a ring of fire
 A - a +6 ring of intelligence
 B - the ring of the Catfish {Dex+6 Stlth+}
   (You found it on level 13 of the Dungeon)

   [ring of dexterity]

   Dex+6:     It affects your dexterity (+6).
   Stlth+:    It makes you more stealthy.
 C - the ring "Kohootsa" (right paw) {Wiz rF- Int+10 Dex+2}
   (You found it on level 14 of the Dungeon)

   [ring of wizardry]

   Wiz:       It improves your spell success rate.
   Int+10:    It affects your intelligence (+10).
   Dex+2:     It affects your dexterity (+2).
   rF-:       It makes you vulnerable to fire.
 E - a +6 ring of intelligence (left paw)
 F - an amulet of reflection (around neck)
 G - an amulet of guardian spirit
 J - a ring of ice
 K - an amulet of magic regeneration
 N - a +4 ring of slaying
 S - a ring of magical power
Talismans
 L - the serpent talisman of Diaquk {Int+8 Dex-2}
   (You found it on level 4 of the Snake Pit)

   [serpent talisman]

   Int+8:     It affects your intelligence (+8).
   Dex-2:     It affects your dexterity (-2).
 Q - a flux talisman
 R - a granite talisman
 T - a blade talisman
Wands
 f - a wand of roots (6)
 n - a wand of acid (8)
 s - a wand of flame (51)
 y - a wand of polymorph (16)
Scrolls
 h - 2 scrolls of immolation
 i - 8 scrolls of identify
 l - a scroll of revelation
 o - 4 scrolls of fear
 p - 6 scrolls of teleportation
 q - 5 scrolls of fog
 v - 3 scrolls of torment
 w - a scroll of blinking
 z - 3 scrolls of amnesia
 H - 3 scrolls of silence
 P - a scroll of poison
Potions
 a - 6 potions of haste
 b - 4 potions of mutation
 d - 6 potions of lignification
 j - a potion of invisibility
 k - 4 potions of might
 m - 2 potions of ambrosia
 r - 3 potions of attraction
 u - a potion of cancellation
 I - 3 potions of curing
 O - 2 potions of resistance
Miscellaneous
 e - a phantom mirror (inert)
 D - a phial of floods


   Skills:
 - Level 13.9 Fighting
 - Level 18.2 Dodging
 - Level 19.4 Stealth
 - Level 14.0 Spellcasting
 - Level 7.0 Hexes
 - Level 16.0 Summonings
 - Level 10.0 Translocations
 - Level 5.0 Fire Magic
 - Level 7.0 Air Magic
 + Level 7.4 Shapeshifting


You had 4 spell levels left.
You knew the following spells:

 Your Spells              Type           Power      Damage    Failure   Level
c - Call Canine Familiar  Summ           100%       N/A       0%          3
d - Summon Blazeheart Go  Fire/Summ      89%        N/A       1%          4
e - Summon Lightning Spi  Summ/Air       93%        N/A       1%          4
f - Summon Mana Viper     Hex/Summ       93%        N/A       1%          5
g - Summon Forest         Summ/Tloc      49%        N/A       1%          5
h - Summon Cactus Giant   Summ           53%        N/A       1%          6
B - Blink                 Tloc           100%       N/A       0%          2
M - Monstrous Menagerie   Summ           53%        N/A       1%          7
Y - Yara's Violent Unrav  Hex/Alch       28%        3d12      2%          5

Your spell library contained the following spells:

 Spells                   Type           Power      Damage    Failure   Level
 Apportation              Tloc           100%       N/A       0%          1
 Summon Small Mammal      Summ           100%       N/A       0%          1
 Call Imp                 Summ           100%       N/A       0%          2
 Lesser Beckoning         Tloc           100%       N/A       0%          2
 Foxfire                  Conj/Fire      100%       2x1d9     1%          1
 Magic Dart               Conj           100%       1d8       1%          1
 Necrotise                Necr           100%       1d9       1%          1
 Sandblast                Erth           60%        2d14      1%          1
 Sting                    Conj/Alch      100%       1d9       1%          1
 Cigotuvi's Dreadful Rot  Necr/Alch/Air  100%       N/A       1%          2
 Ensorcelled Hibernation  Hex/Ice        100%       N/A       1%          2
 Mercury Vapours          Alch/Air       100%       N/A       1%          2
 Momentum Strike          Conj/Tloc      100%       3d10      1%          2
 Dazzling Flash           Conj/Hex       100%       N/A       1%          3
 Fugue of the Fallen      Necr           30%        N/A       1%          3
 Gell's Gravitas          Tloc           87%        N/A       1%          3
 Hailstorm                Conj/Ice       30%        3d8       1%          3
 Mephitic Cloud           Conj/Alch/Air  50%        N/A       1%          3
 Ozocubu's Armour         Ice            30%        N/A       1%          3
 Passwall                 Erth           30%        N/A       1%          3
 Sigil of Binding         Hex            75%        N/A       1%          3
 Stone Arrow              Conj/Erth      60%        3d10      1%          3
 Summon Ice Beast         Ice/Summ       79%        N/A       1%          3
 Swiftness                Air            75%        N/A       1%          3
 Teleport Other           Tloc           87%        N/A       1%          3
 Tukima's Dance           Hex            75%        N/A       1%          3
 Airstrike                Air            37%        2d(6-22)  1%          4
 Anguish                  Hex/Necr       28%        N/A       1%          4
 Cause Fear               Hex            37%        N/A       1%          4
 Ignite Poison            Fire/Alch      51%        N/A       1%          4
 Iskenderun's Mystic Bla  Conj/Tloc      65%        2d13      1%          4
 Martyr's Knell           Necr/Summ      79%        N/A       1%          4
 Passage of Golubria      Tloc           87%        N/A       1%          4
 Vhi's Electric Charge    Tloc/Air       100%       N/A       1%          4
 Brom's Barrelling Bould  Conj/Erth      30%        2d5       3%          4
 Olgreb's Toxic Radiance  Alch           30%        N/A       3%          4
 Silence                  Hex/Air        37%        N/A       1%          5
 Dispersal                Tloc           43%        N/A       1%          6
 Metabolic Englaciation   Hex/Ice        28%        N/A       2%          5
 Fireball                 Conj/Fire      25%        3d11      3%          5
 Freezing Cloud           Conj/Ice/Air   25%        6-21      4%          5
 Borgnjor's Vile Clutch   Necr/Erth      15%        N/A       10%         5
 Curse of Agony           Necr           30%        N/A       10%         5
 Iskenderun's Battlesphe  Conj           30%        2d8       10%         5
 Spellforged Servitor     Conj/Summ      39%        N/A       12%         7
 Enfeeble                 Hex            37%        N/A       16%         7
 Dragon's Call            Summ           53%        N/A       43%         9
 Bombard                  Conj/Erth      15%        9d3       45%         6
 Death Channel            Necr           15%        N/A       45%         6
 Chain Lightning          Conj/Air       28%        3d38      100%        9
 Death's Door             Necr           15%        N/A       100%        9
 Dimensional Bullseye     Hex/Tloc       Unusable   N/A       N/A         4
 Animate Dead             Necr           Unusable   N/A       N/A         4
 Sculpt Simulacrum        Ice/Alch       Unusable   N/A       N/A         6

Dungeon Overview and Level Annotations

Branches:
Dungeon (14/15)            Temple (1/1) D:4            Lair (5/5) D:11
  Swamp (4/4) Lair:2        Snake (4/4) Lair:2        Slime (0/5) Lair:4
    Orc (2/2) D:12            Elf (0/3) Orc:2        Vaults (1/5) D:13
  IceCv (visited)

Altars:
Ashenzari
Cheibriados
Dithmenos
Elyvilon
Fedhas
Gozag
Hepliaklqana
Kikubaaqudgha
Makhleb
Nemelex Xobeh
Okawaru
Qazlal
Ru
Sif Muna
Trog
Uskayaw
Vehumet
Wu Jian
Xom
Yredelemnul
Zin
The Shining One
Jiyva

Shops:
D:1 (   D:2 ?:   D:11 (   D:12 :   Orc:1 =   Orc:2 ?([[   Snake:3 [*[*(
Snake:4 !

Annotations:
D:12 3 runed translucent doors, DeathSocks's ghost, novice VSBr
Snake:1 exclusion: downstairs


Innate Abilities, Weirdness & Mutations

You have sharp claws.
You have razor-sharp teeth.
You have supernaturally acute eyesight. (SInv)
Your thick and shaggy fur keeps you warm. (AC +3, rC+)
Your paws help you pounce on unaware monsters.
You are incapable of wielding weapons or throwing items.
You cannot wear armour.
You gain extra lives every three experience levels.


Message History

Vines fly forth from the trees!
Casting: Monstrous Menagerie (dangerous; 1% risk of failure)
Confirm with . or Enter, or press ? or * to list all spells.
An electric hum fills the air.
You feel a bit more experienced.
The yaktaur captain shoots a bolt.
The bolt closely misses your dryad. The bolt hits you!!
Your snaplasher vine grabs the yaktaur captain.
Your snaplasher vine hits the yaktaur captain!
Your snaplasher vine constricts the yaktaur captain.
Your snaplasher vine grabs the yaktaur.
Your snaplasher vine hits the yaktaur but does no damage.
Your snaplasher vine constricts the yaktaur.
A vault sentinel comes into view.
It is wielding a +0 long sword of protection.
The bolt hits your snaplasher vine!!
Your snaplasher vine is destroyed!
The yaktaur wields a +0 arbalest.
The yaktaur shoots a bolt.
The bolt hits your dryad.
The trees move their gnarly branches around.
Your snaplasher vine falls limply to the ground.
Your snaplasher vine loses its grip on something.
The trees move their gnarly branches around.
The yaktaur captain is hit by a branch!!
Your snaplasher vine grabs the yaktaur captain.
Your snaplasher vine hits the yaktaur captain.
Your snaplasher vine constricts the yaktaur captain.
The yaktaur shoots a bolt.
The bolt barely misses your dryad.
A bolt appears from out of your range of vision.
The bolt hits your snaplasher vine!!
Your snaplasher vine is destroyed!
The yaktaur captain shoots a bolt.
The bolt hits you!!!
* * * LOW HITPOINT WARNING * * *
Your lightning spire shoots out a bolt of lightning at the vault sentinel!
The bolt of electricity misses the vault sentinel.
Casting: Summon Lightning Spire (safe; 1% risk of failure)
Confirm with . or Enter, or press ? or * to list all spells.
A mana viper appears with a sibilant hiss.
The yaktaur captain is hit by a branch!
The yaktaur shoots a bolt.
The bolt hits you!
You die...
Your body crumbles into a pile of gold.

#....#..#....#
#....#.......#
#....#.#.#...#
#....#.#.#...#
#....#.......#
#....#..♣)...#
#....).......#
###)[..####♣'#♣##♣♣♣###♣
.))........♣....@.......
..)...).......8.S.HH...c
.....................Rc.
.....................♣..
......###♣##♣...........
#.....+ #..###♣♣♣♣♣.
#.....# ♣.p# #.....#
#..# #.....# ♣..


You could see a yaktaur captain (ally target), a vault sentinel (ally target), a
yaktaur, a friendly sphinx (summoned), a friendly lightning spire (summoned), a
friendly dryad (summoned), a friendly manticore (summoned) and a friendly mana
viper (summoned).

Vanquished Creatures
  Vashnia (Snake:2)
  An Ice Fiend (IceCv)
  Donald (Orc:2)
  A fenstrider witch (Swamp:4)
  A very ugly thing (IceCv)
  An eleionoma (Swamp:3)
  A dire elephant (Lair:5)
  4 hydras
  A catoblepas (Lair:5)
  A boulder beetle (D:13)
  A two-headed ogre (D:12)
  2 death yaks
  Urug (D:12)
  3 naga sharpshooters (Snake:2)
  2 spectral death yaks (Lair:5)
  A spriggan simulacrum (IceCv)
  A mana viper (Snake:2)
  2 deep elf pyromancers
  A necromancer (Lair:5)
  An orc sorcerer (Orc:2)
  An ugly thing (D:12)
  2 cyclopes
  A manticore (D:11)
  Joseph (D:8)
  8 black mambas
  2 naga magi
  12 elephants
  A torpor snail (Lair:3)
  7 cane toads
  5 komodo dragons
  An anaconda simulacrum (IceCv)
  A gargoyle (D:11)
  3 freezing wraiths (IceCv)
  An unseen horror (D:8)
  3 ice devils (IceCv)
  A golden dragon simulacrum (IceCv)
  2 trolls
  2 polar bears
  A blink frog (Lair:1)
  A spectral elephant (Lair:5)
  10 slime creatures (D:12)
  4 wyverns
  A wraith (D:10)
  23 yaks
  2 nameless horrors
  3 minotaur simulacra (IceCv)
  3 death yak simulacra (Lair:5)
  2 nagas
  A vampire mosquito (D:10)
  2 water moccasins (Lair:3)
  An acid dragon (D:14)
  An ettin simulacrum (IceCv)
  4 orc warriors
  2 elephant zombies (Lair:5)
  2 ogres
  9 wolves
  A phantom (D:6)
  7 bullfrogs
  A deep troll simulacrum (IceCv)
  3 wights
  A lindwurm simulacrum (IceCv)
  2 killer bees (D:7)
  A howler monkey (D:8)
  3 electric eels (Lair:3)
  An orc priest (D:6)
  A gnoll bouda (D:7)
  3 iguanas
  An orc wizard (D:8)
  A hell rat (Lair:3)
  2 gnolls (D:7)
  An adder (D:3)
  An ufetubus (D:6)
  8 orcs
  4 bats
  2 giant cockroaches
  A hobgoblin (D:4)
  4 jackals (D:3)
  7 quokkas
  A ball python (D:2)
  A frilled lizard (D:1)
  A kobold (D:3)
  5 rats (Lair:3)
  A snaplasher vine (Lair:3)
219 creatures vanquished.

Vanquished Creatures (collateral kills)
  Jorgrun (Orc:2)
  Mlioglotl (Swamp:1)
  An Ice Fiend (IceCv)
  A sphinx (D:13)
  An acid blob (D:14)
  Agnes (Snake:2)
  A tengu reaver (D:13)
  2 thorn hunters
  An azure jelly (D:14)
  3 fenstrider witches (Swamp:4)
  The ghost of Xuar the Eclecticist, an adept DjHW of Makhleb (Snake:2)
  7 nagarajas
  A fire giant (D:13)
  2 ironbound preservers (Vaults:1)
  A formless jellyfish (Vaults:1)
  An ironbound thunderhulk (Vaults:1)
  The ghost of Ylounoac the Severer, a journeyman MiBe of Trog (D:14)
  3 eleionomae
  A dire elephant (Lair:5)
  A bunyip (Swamp:4)
  A blizzard demon (Swamp:4)
  A shambling mangrove (Swamp:4)
  An entropy weaver (shapeshifter) (D:13)
  An ettin (D:13)
  Josephine (Swamp:1)
  A yaktaur captain (Vaults:1)
  A fire dragon (D:13)
  2 vault guards (D:13)
  10 alligators
  2 great orbs of eyes
  A hell beast (Swamp:4)
  2 ghost crabs
  7 anacondas
  An ogre mage (Swamp:4)
  11 hydras
  An ironbound frostheart (D:13)
  2 salamander tyrants (Snake:4)
  A death knight (D:13)
  6 centaur warriors
  2 two-headed ogres
  6 naga warriors
  2 occultists
  9 shock serpents
  A boulder beetle (Orc:1)
  A deep troll earth mage (D:13)
  2 spriggan berserkers (Swamp:4)
  3 death yaks
  12 naga sharpshooters
  2 soul eaters (Swamp:4)
  3 orc high priests (Orc:2)
  5 spriggans
  10 salamander mystics
  A death drake (Swamp:3)
  A skyshark (Lair:2)
  6 goliath frogs
  A spectral anaconda (Lair:5)
  A flayed ghost (D:13)
  3 deep trolls (Vaults:1)
  14 mana vipers
  4 spriggan simulacra (IceCv)
  3 arcanists (Swamp:4)
  4 swamp dragons
  A deep elf pyromancer (Swamp:4)
  3 spriggan druids
  5 bog bodies
  2 obsidian statues
  2 phantasmal warriors (D:12)
  3 naga ritualists
  5 lindwurms (Snake:4)
  2 necromancers (Lair:5)
  5 orc knights (Orc:2)
  3 oklob plants (Lair:1)
  11 orc sorcerers
  3 manticores (D:13)
  A meliai (shapeshifter) (D:13)
  6 will-o-the-wisps
  2 ugly things (D:13)
  5 cyclopes
  15 salamanders
  21 elephants
  28 black mambas
  8 guardian serpents
  3 meliai (D:14)
  2 eyes of devastation (D:14)
  3 kobold blastminers
  2 torpor snails
  19 naga magi
  2 smoke demons (Swamp:4)
  6 rime drakes
  8 cane toads
  5 orange demons (Swamp:4)
  4 yaktaurs (Vaults:1)
  5 komodo dragons
  A golden dragon simulacrum (IceCv)
  2 ice devils (IceCv)
  6 freezing wraiths
  11 tyrant leeches
  6 trolls
  A bloated husk (Swamp:3)
  4 hellwings (Swamp:4)
  3 polar bears
  7 hornets
  Prince Ribbit (D:7)
  9 blink frogs
  9 slime creatures
  7 nameless horrors
  6 wraiths
  A yak (shapeshifter) (D:13)
  13 yaks
  3 humans (D:13)
  2 wargs
  4 wyverns
  2 dire elephant simulacra (IceCv)
  A golden eye (Lair:1)
  2 basilisks
  8 vampire mosquitoes
  27 nagas
  Duvessa (D:5)
  An acid dragon (D:14)
  20 swamp worms
  12 water moccasins
  9 orc warriors
  An ice beast (D:8)
  A swamp drake (Swamp:4)
  5 ogres
  A sky beast (D:6)
  An elephant zombie (Lair:5)
  2 laughing skulls (D:13)
  10 wolves
  4 centaurs
  2 kobold brigands (D:12)
  6 bullfrogs
  4 gnoll sergeants
  A scorpion (D:6)
  6 wights
  Dowan (D:5)
  3 killer bees (D:7)
  2 howler monkeys (D:8)
  6 bombardier beetles
  3 jellies
  3 hounds
  12 orc priests
  2 gnoll boudas
  Crazy Yiuf (D:7)
  3 iguanas
  5 hell rats (Lair:3)
  24 orc wizards
  22 gnolls
  13 river rats (Lair:3)
  2 adders
  A shadow imp (D:7)
  An ufetubus (D:6)
  2 ribbon worms
  A dart slug (D:3)
  43 orcs
  2 ball pythons
  2 endoplasms
  2 giant cockroaches
  7 goblins
  3 hobgoblins
  3 jackals (D:1)
  5 kobolds
  5 quokkas
  3 frilled lizards (D:1)
  9 rats
785 creatures vanquished.

Vanquished Creatures (others)
  Aizul (Snake:4)
  A nagaraja (Snake:4)
  An anaconda (Snake:4)
  An orange demon (Swamp:4)
  3 bloated husks (Swamp:2)
  144 blazeheart cores
  27 foxfires
  12 snaplasher vines
190 creatures vanquished.

Grand Total: 1194 creatures vanquished

Notes
Turn   | Place    | Note
-------+----------+-------------------------------------------
     0 | D:1      | croobank the Felid Summoner began the quest for the Orb.
     0 | D:1      | Reached XP level 1. HP: 9/9 MP: 4/4
   155 | D:1      | Reached skill level 3 in Stealth
   280 | D:1      | Found Eforump's Weapon Boutique.
   299 | D:1      | Reached XP level 2. HP: 13/13 MP: 6/6
   343 | D:1      | Learned a level 2 spell: Call Imp
  1131 | D:2      | Reached XP level 3. HP: 16/16 MP: 1/7
  1218 | D:2      | Found Zarhats's Vocational Training.
  1268 | D:2      | Learned a level 3 spell: Call Canine Familiar
  1407 | D:2      | Found Tabypraw's Magic Scroll Shop.
  1408 | D:2      | Found a stormy altar of Qazlal.
  1455 | D:2      | Found a faded altar of an unknown god.
  1766 | D:3      | Reached skill level 4 in Stealth
  1766 | D:3      | Reached XP level 4. HP: 21/21 MP: 4/8
  1766 | D:3      | Gained a life (2 lives remaining)
  2571 | D:4      | Reached XP level 5. HP: 25/25 MP: 10/10
  2687 | D:4      | Found a snail-covered altar of Cheibriados.
  2941 | D:4      | Found a staircase to the Ecumenical Temple.
  2957 | Temple   | Entered the Ecumenical Temple
  2970 | Temple   | Became a worshipper of Gozag Ym Sagoz the Greedy
  3291 | D:4      | Reached skill level 1 in Fighting
  3468 | D:4      | Learned a level 4 spell: Summon Blazeheart Golem
  3581 | D:5      | Entered Level 5 of the Dungeon
  3631 | D:5      | Identified the +0 flail "Hantelej" {freeze, *Noise rElec
                  | rN+ Str+4}
  3676 | D:5      | Noticed a water moccasin
  3686 | D:5      | Killed a water moccasin
  3687 | D:5      | Reached skill level 5 in Summonings
  3687 | D:5      | Gained mutation: You are covered in thick fur. (AC +2)
                  | [Felid growth]
  3687 | D:5      | Reached XP level 6. HP: 30/30 MP: 4/11
  3704 | D:5      | Reached skill level 5 in Stealth
  3889 | D:5      | Reached skill level 1 in Fire Magic
  4176 | D:5      | Identified the +3 halberd of the Swamp {protect, Str+2}
  4418 | D:6      | Noticed Dowan
  4419 | D:6      | Reached skill level 5 in Dodging
  4419 | D:6      | Noticed a nameless horror
  4420 | D:6      | Noticed Duvessa
  4480 | D:6      | Found a stormy altar of Qazlal.
  4483 | D:5      | Mangled by Duvessa
  4483 | D:5      | Lost a life (1 life remaining)
  4537 | D:5      | Killed a nameless horror
  4677 | D:5      | Killed Duvessa
  4678 | D:5      | Reached XP level 7. HP: 35/35 MP: 2/13
  4678 | D:5      | Gained a life (2 lives remaining)
  4704 | D:5      | Killed Dowan
  5050 | D:6      | Reached skill level 6 in Stealth
  5141 | D:6      | Reached XP level 8. HP: 40/40 MP: 6/15
  5421 | D:6      | Reached skill level 7 in Stealth
  5663 | D:6      | Identified a scroll of acquirement
  5663 | D:6      | Acquired a book of the Dragon
  6658 | D:7      | Reached skill level 5 in Spellcasting
  6658 | D:7      | Reached XP level 9. HP: 45/45 MP: 7/17
  6725 | D:7      | Learned a level 4 spell: Summon Lightning Spire
  6866 | D:7      | Noticed Prince Ribbit
  6881 | D:7      | Killed Prince Ribbit
  7106 | D:7      | Found a runed translucent door.
  7107 | D:7      | Noticed Crazy Yiuf
  7124 | D:7      | Killed Crazy Yiuf
  7231 | D:8      | HP: 1/46 [wyvern (18)]
  7398 | D:8      | Reached skill level 1 in Air Magic
  7408 | D:8      | Reached skill level 8 in Stealth
  7766 | D:8      | Noticed an unseen horror
  7792 | D:8      | Killed an unseen horror
  7935 | D:8      | Reached skill level 5 in Fighting
  8117 | D:8      | Noticed Joseph
  8131 | D:8      | Killed by an exploding blazeheart core
  8131 | D:8      | Lost a life (1 life remaining)
  8131 | D:8      | Killed Joseph
  8347 | D:8      | Reached XP level 10. HP: 41/51 MP: 10/19
  8347 | D:8      | Gained a life (2 lives remaining)
  8650 | D:8      | Reached skill level 9 in Stealth
  9245 | D:9      | Learned a level 5 spell: Summon Mana Viper
  9317 | D:9      | Noticed a two-headed ogre
  9329 | D:9      | Killed a two-headed ogre
  9330 | D:9      | Reached skill level 1 in Hexes
  9818 | D:10     | Entered Level 10 of the Dungeon
  9886 | D:10     | Reached skill level 5 in Fire Magic
 10172 | D:10     | Found the +4 robe of Folly {Brill Will-∞ Int+8}
 10471 | D:10     | Found a stormy altar of Qazlal.
 10476 | D:10     | Found a sacrificial altar of Ru.
 10480 | D:10     | Found a radiant altar of Vehumet.
 10481 | D:10     | Found an iron altar of Okawaru.
 10484 | D:10     | Found a hazy altar of Hepliaklqana.
 10494 | D:10     | Found a hide-covered altar of Uskayaw.
 10494 | D:10     | Found a broken altar of Ashenzari.
 10498 | D:10     | Found a shimmering altar of Xom.
 10513 | D:10     | You fall into a shaft and drop 1 floor!
 10728 | D:11     | Noticed a manticore
 10922 | D:11     | Killed a manticore
 10934 | D:11     | Reached skill level 10 in Stealth
 11569 | D:11     | Reached XP level 11. HP: 57/57 MP: 14/21
 11720 | D:11     | Found a staircase to the Lair.
 11729 | D:11     | Found Ateid's Weapon Emporium.
 12237 | D:12     | Reached skill level 5 in Hexes
 12382 | D:12     | Noticed a two-headed ogre
 12402 | D:12     | Killed a two-headed ogre
 12850 | D:12     | Reached skill level 10 in Dodging
 12876 | D:12     | HP: 1/58 [cloud of flame (24)]
 12935 | D:12     | Noticed Urug
 12953 | D:12     | Killed Urug
 12981 | D:12     | Found a runed translucent gate.
 12981 | D:12     | Found a runed translucent gate.
 12981 | D:12     | Noticed a brown ugly thing
 12982 | D:12     | Found a runed translucent gate.
 13007 | D:12     | Noticed DeathSocks's ghost (novice VSBr)
 13014 | D:12     | Noticed an entropy weaver
 13029 | D:12     | Noticed a minotaur
 13073 | D:12     | an entropy weaver changed into a naga
 13494 | D:12     | Noticed a green ugly thing
 13498 | D:12     | Reached skill level 11 in Stealth
 13501 | D:12     | Killed a green ugly thing
 13586 | D:12     | Reached skill level 5 in Air Magic
 13717 | D:12     | Found Mismautotz's Book Shoppe.
 13727 | D:12     | Bought a book of Spatial Translocations for 234 gold pieces
 13730 | D:12     | Learned a level 2 spell: Blink
 13739 | D:12     | Noticed a deep elf pyromancer
 13754 | D:12     | Killed a deep elf pyromancer
 14129 | D:12     | Found a staircase to the Orcish Mines.
 14168 | D:12     | Gained mutation: Your thick and shaggy fur keeps you warm.
                  | (AC +3, rC+) [Felid growth]
 14168 | D:12     | Reached XP level 12. HP: 63/63 MP: 17/24
 14490 | D:13     | Noticed a death knight
 14535 | Lair:1   | Entered Level 1 of the Lair of Beasts
 15129 | Lair:1   | Reached skill level 12 in Stealth
 15689 | Lair:1   | You fall into a shaft and drop 1 floor!
 17456 | Lair:2   | Noticed a six-headed hydra
 17465 | Lair:2   | Killed a six-headed hydra
 17527 | Lair:2   | Found a staircase to the Swamp.
 17751 | Lair:2   | Found a staircase to the Snake Pit.
 17755 | Lair:2   | Reached XP level 13. HP: 69/69 MP: 16/26
 18064 | Lair:2   | HP: 3/69 [seven-headed hydra (8)]
 18072 | Lair:2   | Reached skill level 13 in Stealth
 18350 | Lair:2   | Learned a level 5 spell: Summon Forest
 18516 | Lair:3   | Reached skill level 1 in Translocations
 18654 | Lair:3   | Reached skill level 10 in Summonings
 19012 | Lair:3   | Found a stormy altar of Qazlal.
 20529 | Lair:3   | Reached skill level 5 in Translocations
 21662 | Lair:4   | Found a viscous altar of Jiyva.
 21662 | Lair:4   | Found a staircase to the Slime Pits.
 22730 | Lair:5   | Entered Level 5 of the Lair of Beasts
 22744 | Lair:4   | Reached skill level 14 in Stealth
 22871 | Lair:4   | Reached XP level 14. HP: 65/76 MP: 15/28
 23228 | Lair:5   | Learned a level 6 spell: Summon Cactus Giant
 23788 | Lair:5   | Reached skill level 10 in Fighting
 25142 | Lair:5   | Mangled by a dire elephant
 25142 | Lair:5   | Lost a life (1 life remaining)
 25207 | Lair:5   | Reached skill level 10 in Translocations
 25392 | Lair:5   | Identified the +2 war axe "Unassoics" {flame, Str+4 Dex+3}
 25953 | Orc:1    | Entered Level 1 of the Orcish Mines
 25967 | Orc:1    | Reached skill level 15 in Stealth
 25973 | Orc:1    | Reached skill level 10 in Spellcasting
 26262 | Orc:1    | Found Pallyun's Jewellery Shoppe.
 26270 | Orc:1    | Bought a +6 ring of intelligence for 612 gold pieces
 26272 | Orc:1    | Bought an amulet of reflection for 510 gold pieces
 26371 | Orc:2    | Entered Level 2 of the Orcish Mines
 26373 | Orc:2    | Noticed Jorgrun
 26376 | Orc:2    | Noticed Donald
 26380 | Orc:2    | Killed Jorgrun
 26407 | Orc:2    | Killed Donald
 27017 | Orc:2    | Found a staircase to the Elven Halls.
 27418 | Orc:2    | Reached XP level 15. HP: 51/81 MP: 11/30
 27418 | Orc:2    | Gained a life (2 lives remaining)
 27647 | Orc:2    | Found Vicvyomi's Armour Shop.
 27647 | Orc:2    | Found Teotwiu's Magic Scroll Shop.
 27832 | Orc:2    | Found Xasuk's Antique Armour Emporium.
 27832 | Orc:2    | Found Hiefasat's Weapon Emporium.
 27860 | Orc:2    | Bought a scroll of amnesia for 44 gold pieces
 27860 | Orc:2    | Bought a scroll of immolation for 44 gold pieces
 27860 | Orc:2    | Bought a scroll of summoning for 104 gold pieces
 29118 | D:13     | Reached skill level 15 in Dodging
 29118 | D:13     | Reached skill level 16 in Stealth
 29247 | D:13     | Found a gate to the Vaults.
 29500 | D:13     | Noticed a sphinx
 29504 | D:13     | Noticed a fire giant
 29506 | D:13     | Killed a sphinx
 29513 | D:13     | Killed a fire giant
 29599 | D:13     | Noticed a tengu reaver
 29615 | D:13     | HP: 3/124 [tengu reaver/+3 war axe of flaming (10)]
 29618 | D:13     | Slain by a tengu reaver
 29618 | D:13     | Lost a life (1 life remaining)
 29755 | D:13     | Killed a tengu reaver
 29944 | D:13     | Got the Secrets of Clay and Formation
 30131 | D:13     | Got the Lessons on Vehement Beguiling
 30583 | D:13     | Identified the ring of the Catfish {Dex+6 Stlth+}
 31501 | D:14     | Found a runed translucent gate.
 31501 | D:14     | Found a runed translucent gate.
 31501 | D:14     | Found a runed translucent gate.
 31502 | D:14     | Noticed an acid blob
 31502 | D:14     | Noticed Ylounoac's ghost (journeyman MiBe)
 31504 | D:14     | Noticed an azure jelly
 31506 | D:14     | Found a viscous altar of Jiyva.
 31526 | D:14     | Killed an acid blob
 31527 | D:14     | Killed an azure jelly
 31553 | D:14     | Killed Ylounoac's ghost
 31692 | D:14     | Identified the ring "Kohootsa" {Wiz rF- Int+10 Dex+2}
 32304 | Snake:1  | Entered Level 1 of the Snake Pit
 32671 | Snake:1  | Reached XP level 16. HP: 88/88 MP: 21/31
 32671 | Snake:1  | Gained a life (2 lives remaining)
 32900 | Snake:1  | Slain by a shock serpent
 32900 | Snake:1  | Lost a life (1 life remaining)
 34169 | Snake:2  | Noticed Agnes
 34496 | Snake:2  | Reached skill level 17 in Stealth
 34511 | Snake:2  | Found a frozen archway.
 34528 | Snake:2  | Got the Elucidation of Mortuary Weather
 34574 | IceCv    | Entered an ice cave
 35132 | IceCv    | Noticed an Ice Fiend
 35132 | IceCv    | Noticed an Ice Fiend
 35912 | IceCv    | Killed an Ice Fiend
 36257 | IceCv    | Killed an Ice Fiend
 36698 | Snake:2  | Found a runed translucent gate.
 36701 | Snake:2  | Noticed Xuar's ghost (adept DjHW)
 36702 | Snake:2  | Found a runed translucent gate.
 36703 | Snake:2  | Found a runed translucent gate.
 36939 | Snake:2  | Killed Xuar's ghost
 36967 | Snake:2  | Got the Secrets of the Mutated Tempest
 37067 | Snake:2  | Learned a level 3 spell: Mephitic Cloud
 37104 | Snake:2  | Killed Agnes
 37504 | Snake:2  | Noticed Vashnia
 37508 | Snake:2  | Killed Vashnia
 37986 | Snake:3  | Succumbed to a nagaraja's poison arrow
 37986 | Snake:3  | Lost a life (0 lives remaining)
 38343 | Snake:3  | Learned a level 7 spell: Monstrous Menagerie
 38672 | Snake:3  | Found Ynywni's Antique Weapon Emporium.
 39440 | Snake:3  | Found Koga's Assorted Antiques.
 39446 | Snake:3  | Found Anwaq's Armour Shop.
 39462 | Snake:3  | Reached skill level 18 in Stealth
 39466 | Snake:3  | Bought a scroll of silence for 351 gold pieces
 39466 | Snake:3  | Bought an encrusted granite ring for 185 gold pieces
 39813 | Snake:3  | Found Girchedo's Armour Shop.
 40023 | Snake:3  | Found Juuf's Assorted Antiques.
 40031 | Snake:3  | Bought a large silver amulet for 120 gold pieces
 40031 | Snake:3  | Bought a wand of flame (10) for 168 gold pieces
 40217 | Snake:4  | Entered Level 4 of the Snake Pit
 40236 | Snake:4  | Reached XP level 17. HP: 68/94 MP: 25/33
 40314 | Snake:4  | Identified the serpent talisman of Diaquk {Int+8 Dex-2}
 40314 | Snake:4  | Noticed Aizul
 40315 | Snake:4  | Reached skill level 15 in Summonings
 40325 | Snake:4  | Killed Aizul
 42136 | Snake:4  | Bought 2 potions of curing for 84 gold pieces
 42136 | Snake:4  | Bought a potion of haste for 140 gold pieces
 42136 | Snake:4  | Bought a potion of magic for 112 gold pieces
 42136 | Snake:4  | Bought a potion of haste for 140 gold pieces
 42136 | Snake:4  | Bought a potion of curing for 42 gold pieces
 43781 | Snake:4  | Reached skill level 19 in Stealth
 45080 | Snake:4  | Got a serpentine rune of Zot
 45892 | Swamp:1  | Entered Level 1 of the Swamp
 45904 | Swamp:1  | Noticed Josephine
 47476 | Swamp:1  | Reached skill level 1 in Shapeshifting
 47698 | Swamp:1  | Killed Josephine
 49157 | Swamp:1  | Reached XP level 18. HP: 101/101 MP: 15/36
 49183 | Swamp:1  | Noticed Mlioglotl
 49193 | Swamp:1  | Killed Mlioglotl
 50796 | Swamp:2  | Learned a level 5 spell: Yara's Violent Unravelling
 53553 | Swamp:4  | Entered Level 4 of the Swamp
 54961 | Swamp:4  | Reached skill level 5 in Shapeshifting
 58584 | Swamp:4  | Got a decaying rune of Zot
 59204 | Vaults:1 | Entered Level 1 of the Vaults
 59653 | Vaults:1 | HP: 2/101 [yaktaur captain/bolt (37)]
 59654 | Vaults:1 | Shot with a bolt by a yaktaur

Illustrated notes

Levels and vault maps discovered:
D:1:      orjb1_lava_funnel, layout_loops_ring, serial_shops, shop
D:2:      minmay_spotlight, layout_rooms, serial_shops, shop, basic_altar,
          shapermc_ecumenical_altar_ellora, minmay_crystal_water,
          nicolae_shop_vocational
D:3:      layout_loops_ring, grunt_ministairs_1
D:4:      layout_gridville, lemuel_doored_altar, minmay_temple_entry_overgrown
D:5:      layout_loops_ring, kennysheep_doodads
D:6:      layout_rooms, hangedman_decor_lopped, amethyst_killhole,
          chequers_serial_rivers_room_a, kennysheep_small_circle, uniq_duvessa
D:7:      layout_loops_ring, uniq_crazy_yiuf_cottage, uniq_prince_ribbit1
D:8:      layout_loops_corners, st_stairs_10, kennysheep_path_1, uniq_joseph
D:9:      layout_basic
D:10:     layout_basic, nicolae_overflow_hallway_of_the_gods, nicolae_the_louvre
D:11:     layout_roguey, grunt_lair_entry_orc_guard_hut, serial_shops, shop,
          kennysheep_cross_bottleneck
D:12:     layout_irregular_city, kennysheep_orc_monster_closet_entryway,
          maelrawn_ghost_gauntlet_escape, serial_shops, shop_fountains,
          uniq_urug
D:13:     minmay_box_of_curves, layout_loops_ring, hellmonk_vaults_keyhole
D:14:     layout_basic, serial_library_hellmonk_hallway_a, gammafunk_ghost_ooze
Temple:   nicolae_temple_bog_church
Lair:1:   layout_layer_cave, disabler_island
Lair:2:   layout_loops_ring, palyth_hydra_swamp_entry,
          nicolae_snake_entry_squirm
Lair:3:   lemuel_ratsnest, layout_layer_cave, basic_altar,
          chequers_serial_rivers_small_3, pdpol_lair_cavern_descent
Lair:4:   layout_hall_layers, slime_entry_1
Lair:5:   due_jungle_book, layout_cave_shapes
Swamp:1:  layout_falls_marsh, evilmike_swamp_ruin_house_4,
          infiniplex_staircase_pool_2, uniq_mlioglotl, uniq_josephine
Swamp:2:  layout_falls_marsh, evilmike_swamp_ruin_wall,
          infiniplex_staircase_pool
Swamp:3:  layout_basic_swamp, serial_swamp_ruin, evilmike_swamp_ruin_house_2,
          evilmike_swamp_ruin_house_5, hangedman_swamp_ruin_wall
Swamp:4:  nzn_swamp_witches_coven, layout_basic_swamp
Snake:1:  layout_chambers
Snake:2:  layout_rooms, portal_ice_cave_entry_pillars_2, gammafunk_ghost_split,
          uniq_vashnia, uniq_agnes
Snake:3:  layout_grid_maze, serial_shops, shop, shop, shop, shop, shop
Snake:4:  snake_pit_salamanders_mu, layout_misc_corridors,
          nicolae_snake_magic_snake_eye, uniq_aizul
Orc:1:    layout_caves, serial_shops, nicolae_lakefront_shop,
          blackcustard_rock_pile
Orc:2:    st_orc_elflike, layout_caves, uniq_donald, uniq_jorgrun
Vaults:1: nicolae_vaults_tangram_2, nicolae_vaults_twisting_passages,
          nicolae_vaults_frosty_reception, hangedman_vaults_corner,
          nicolae_vaults_security_offices_1, v_pattern_2,
          nicolae_vaults_storage_closets_1, nicolae_vaults_trapezoid_lopsided_1,
          ontoclasm_vaults_fault, nicolae_vaults_three_branches,
          layout_vaults_omnigrid

Skill      XL: |  1  2  3  4  5  6  7  8  9 10 11 12 13 14 15 16 17 18 |
---------------+-------------------------------------------------------+-----
Dodging        | 3 4 5 7 8 9 10 12 13 14 15 16 18 | 18.2
Stealth        | 3 4 5 6 7 8 10 11 12 14 15 16 18 19 | 19.4
Spellcasting   | 3 4 5 6 7 8 9 10 11 13 14 | 14.0
Fighting       | 1 2 3 4 5 6 7 8 9 10 11 12 13 | 13.9
Summonings     | 5 6 7 8 9 10 11 13 14 15 16 | 16.0
Fire Magic     | 1 2 3 4 5 |  5.0
Air Magic      | 2 3 5 6 7 |  7.0
Hexes          | 4 7 |  7.0
Translocations | 7 10 | 10.0
Shapeshifting  | 2 7 |  7.4

Action                     |  1- 3 |  4- 6 |  7- 9 | 10-12 | 13-15 | 16-18 || total
---------------------------+-------+-------+-------+-------+-------+-------++-------
  Melee: Unarmed           |    10 |    42 |    68 |    62 |   119 |    64 ||   365
         Bite              |     2 |     4 |     6 |    11 |     7 |     7 ||    37
         Punch             |       |       |     1 |     1 |     3 |     1 ||     6
   Cast: Summon Small Mamm |    41 |    17 |    20 |    10 |     5 |       ||    93
         Call Imp          |    16 |    14 |    23 |    17 |     6 |     1 ||    77
         Call Canine Famil |       |    13 |    17 |    25 |    14 |    10 ||    79
         Summon Blazeheart |       |     2 |    30 |    63 |    98 |    33 ||   226
         Summon Lightning  |       |       |     2 |    62 |    53 |    35 ||   152
         Summon Mana Viper |       |       |       |     5 |    60 |    72 ||   137
         Summon Forest     |       |       |       |       |    34 |    39 ||    73
         Summon Cactus Gia |       |       |       |       |    43 |    28 ||    71
         Blink             |       |       |       |       |     3 |     6 ||     9
         Monstrous Menager |       |       |       |       |       |   273 ||   273
         Mephitic Cloud    |       |       |       |       |       |     1 ||     1
 Invoke: Potion Petition   |       |       |       |     1 |     1 |    16 ||    18
         Call Merchant     |       |       |       |       |       |     1 ||     1
  Evoke: Wand              |       |     1 |     3 |     7 |    27 |    14 ||    52
         Phial of floods   |       |       |       |       |     1 |     1 ||     2
         Phantom mirror    |       |       |       |       |       |     2 ||     2
    Use: Scroll            |     3 |    11 |     8 |     9 |     8 |    12 ||    51
         Potion            |       |       |     2 |     2 |    10 |    14 ||    28
   Stab: Sleeping          |     2 |    15 |     5 |     2 |    10 |     8 ||    42
         Distracted        |       |     1 |     1 |     3 |     5 |     4 ||    14
         Invisible         |       |       |       |       |     1 |       ||     1
         Paralysed         |       |       |       |       |       |     1 ||     1
 Armour: Skin              |    10 |    14 |    72 |    82 |   158 |   151 ||   487
  Dodge: Dodged            |    27 |    45 |   132 |   190 |   391 |   283 ||  1068
  Block: Other             |       |       |       |       |    12 |    38 ||    50
         Reflection        |       |       |       |       |     1 |     4 ||     5
         Form:             |       |       |       |       |       |     4 ||     4
         Blade             |       |       |       |       |       |     2 ||     2
         Serpent           |       |       |       |       |       |     2 ||     2
         Statue            |       |       |       |       |       |     1 ||     1

Table legend: (Time is in decaauts)
 A = Elapsed time spent in this place.
 B = Non-inter-level travel time spent in this place.
 C = Inter-level travel time spent in this place.
 D = Time resting spent in this place.
 E = Time spent auto-exploring this place.
 F = Levels seen in this place.
 G = Mean time per level.
                   A        B        C        D        E       F      G
               +--------+--------+--------+--------+--------+-----+--------+
         Total |  60052 |  58033 |   2019 |  24348 |  21492 |  32 | 1876.6 |
       Dungeon |  18701 |  17888 |    813 |   4499 |   9406 |  14 | 1335.8 |
        Temple |     26 |      1 |     25 |      0 |      0 |   1 |   26.0 |
          Lair |  14085 |  13571 |    514 |   7476 |   3139 |   5 | 2817.0 |
         Swamp |  11180 |  10885 |    295 |   5683 |   3657 |   4 | 2795.0 |
     Snake Pit |  11395 |  11069 |    326 |   4554 |   4377 |   4 | 2848.8 |
  Orcish Mines |   2183 |   2139 |     44 |    542 |    876 |   2 | 1091.5 |
        Vaults |    449 |    449 |      0 |    329 |      6 |   1 |  449.0 |
      Ice Cave |   2029 |   2029 |      0 |   1264 |     31 |   1 | 2029.0 |
               +--------+--------+--------+--------+--------+-----+--------+

Top non-repeatable levels by time:
 Swamp:4: 5098 daAuts
 Snake:4: 5016 daAuts
  Lair:2: 4192 daAuts
    D:12: 2750 daAuts
  Lair:3: 2740 daAuts
 Snake:3: 2731 daAuts
  Lair:1: 2496 daAuts
    D:13: 2480 daAuts
  Lair:5: 2461 daAuts
 Swamp:3: 2315 daAuts
  Lair:4: 2193 daAuts
 Snake:1: 2134 daAuts
   IceCv: 2029 daAuts
 Swamp:2: 1917 daAuts
 Swamp:1: 1849 daAuts
